 Dungeon Crawl Stone Soup version 0.23-a0-143-g1adec7bb76 (webtiles) character file.

90058 MirrMurr the Unseen (level 15, -7/109 HPs)
             Began as an Octopode Berserker on Sept 2, 2018.
             Was the Champion of Trog.
             Mangled by a large abomination (39 damage)
             ... on level 2 of the Abyss.
             The game lasted 00:59:43 (25856 turns).

MirrMurr the Unseen (Octopode Berserker)           Turns: 25856, Time: 00:59:43

Health: -7/109     AC:  1    Str: 17    XL:     15   Next: 99%
Magic:  15/15      EV: 28    Int: 10    God:    Trog [******]
Gold:   1752       SH: 12    Dex: 21    Spells: 14/14 levels left

rFire    . . .     SeeInvis .   a - +4 trident (drain)
rCold    + + .     Gourm    .   S - +2 shield {rC+}
rNeg     + . .     Faith    .   (helmet restricted)
rPois    +         Spirit   .   g - amulet of regeneration
rElec    .         Reflect  .   d - +3 ring of evasion
rCorr    +         Harm     .   y - ring of resist corrosion
MR       ++...                  C - ring of positive energy
Stlth    ++++++++..             J - ring of poison resistance
HPRegen  0.68/turn              A - ring of protection from magic
MPRegen  0.14/turn              P - ring of protection from cold
                                H - +3 ring of evasion
                                R - +4 ring of dexterity

@: no status effects
A: almost no armour, stealthy swim, amphibious, 8 rings, constrict 8, camouflage
1, gelatinous body 1
a: Berserk, Trog's Hand, Brothers in Arms, Renounce Religion


You were on level 2 of the Abyss.
You worshipped Trog.
Trog was exalted by your worship.
You were hungry.

You visited 3 branches of the dungeon, and saw 22 of its levels.
You visited the Abyss 1 time.
You also visited: Ossuary.

You collected 1773 gold pieces.
You spent 21 gold pieces at shops.

Inventory:

Hand Weapons
 a - a +4 trident of draining (weapon)
 b - a +0 hunting sling
 q - a +0 blowgun
Missiles
 f - 261 sling bullets
 k - 11 curare-tipped needles
 m - 478 stones (quivered)
 p - 115 poisoned needles
 N - 13 javelins
Armour
 S - a +2 shield of cold resistance (worn)
Jewellery
 d - a +3 ring of evasion (left tentacle)
 g - an amulet of regeneration (around mantle)
 y - a ring of resist corrosion (right tentacle)
 A - a ring of protection from magic (on tentacle)
 C - a ring of positive energy (on tentacle)
 H - a +3 ring of evasion (on tentacle)
 J - a ring of poison resistance (on tentacle)
 P - a ring of protection from cold (on tentacle)
 R - a +4 ring of dexterity (on tentacle)
Wands
 u - a wand of scattershot (9)
 v - a wand of enslavement (27)
 x - a wand of random effects (58)
 E - a wand of clouds (4)
 G - a wand of flame (43)
 L - a wand of disintegration (13)
 Q - a wand of acid (4)
Scrolls
 i - 10 scrolls of teleportation
 o - 5 scrolls of magic mapping
 r - 5 scrolls of remove curse
 s - 6 scrolls of immolation
 w - 5 scrolls of identify
 z - 5 scrolls of enchant armour
 K - 2 scrolls of fog
 M - 4 scrolls of enchant weapon
 T - a scroll of summoning
Potions
 e - a potion of agility
 h - 4 potions of lignification
 j - 3 potions of might
 l - 8 potions of heal wounds
 n - 2 potions of cancellation
 t - 3 potions of haste
 B - 5 potions of curing
 D - a potion of ambrosia
 I - 5 potions of flight
 O - a potion of mutation
Comestibles
 c - 43 rations
 F - 5 chunks of flesh


   Skills:
 * Level 12.8 Fighting
 - Level 14.0 Polearms
 + Level 11.6 Slings
 + Level 12.3 Dodging
 + Level 16.1 Stealth
 * Level 4.8 Shields


You had 14 spell levels left.
You didn't know any spells.
Your spell library was empty.

Dungeon Overview and Level Annotations

Branches:
Dungeon (15/15)            Temple (1/1) D:4            Lair (6/6) D:8
  Swamp (0/4) Lair:4        Snake (0/4) Lair:2        Slime (0/5) Lair:6
    Orc (0/2) D:11         Vaults (0/5) D:14
 Depths: D:15

Altars:
Ashenzari
Dithmenos
Fedhas
Gozag
Kikubaaqudgha
Makhleb
Nemelex Xobeh
Qazlal
Trog
Uskayaw
Vehumet
Xom
Yredelemnul
The Shining One
Jiyva

Shops:
D:3 *   D:4 (   D:7 :

Portals:
Hell: Lair:6

Annotations:
D:9 1 transporter
D:15 2 transporters, feamirim's ghost, journeyman CeFi
Lair:2 exclusion: 4 oklob plants
Lair:6 1 runed door


Innate Abilities, Weirdness & Mutations

You cannot wear most types of armour.
You are very stealthy in the water. (Stealth+)
You are amphibious.
You can wear up to eight rings at the same time.
You can use your tentacles to constrict eight enemies at once.
Your skin changes colour to match your surroundings (Stealth+).
Your rubbery body absorbs attacks. (AC +1, EV +1)


Message History

The large abomination is heavily damaged.
The large abomination hits you!!
* * * LOW HITPOINT WARNING * * *
You are too injured to fight recklessly!
You are too injured to fight recklessly!
You are too injured to fight recklessly!
You are too injured to fight recklessly!
You hit the large abomination but do no damage.
You squeeze the large abomination, but do no damage.
The large abomination is heavily damaged.
You barely miss the large abomination.
Your squeeze misses the large abomination.
The large abomination is heavily damaged.
You block the large abomination's attack.
You barely miss the large abomination. You squeeze the large abomination!
The large abomination is severely damaged.
You barely miss the large abomination. You squeeze the large abomination!
The large abomination is almost destroyed.
The large abomination hits you!!!
You die...

#. ..[ . ..# .
#. ... #.....
.##.. ...#
##.#.##.#. #
..... ..# # .#
#.X# .. #..#.
#..###@# #. ..
## #........##
..#..
#.#.##.....#..$
#.....#.#.#...#
....#.#...#..#
#..# #..#..# #
#..# #.#...#.#
... # ..### .#
.. # # #.# .#


You could see a large abomination.

Vanquished Creatures
  A dire elephant (Lair:6)
  Snorg (D:12)
  A hell beast (Lair:6)
  Josephine (D:13)
  A vault guard (D:14)
  A rakshasa (D:15)
  8 hydras
  3 centaur warriors
  2 tengu warriors (D:14)
  An ogre mage (D:15)
  9 two-headed ogres
  2 thrashing horrors (Abyss:2)
  The ghost of Rahynu the Grappler, a journeyman VSMo of Elyvilon (Lair:2)
  Urug (Lair:3)
  An unseen horror (D:12)
  3 wizards
  3 deep elf magi
  A manticore (D:12)
  5 ugly things (D:14)
  4 cyclopes
  13 elephants
  A naga mage (D:15)
  Joseph (D:7)
  7 spiny frogs
  4 gargoyles
  6 black mambas
  2 orange demons (Lair:6)
  4 centaur skeletons
  4 kobold demonologists
  8 rime drakes
  3 ice devils (Lair:6)
  A hellwing (Lair:6)
  A queen bee (Lair:2)
  A red devil (Lair:6)
  9 komodo dragons
  4 trolls
  A polar bear (Lair:6)
  2 tengu conjurers (D:14)
  14 blink frogs
  22 slime creatures (D:14)
  15 hippogriffs
  5 dream sheep (Lair:6)
  2 shadows
  A redback (D:9)
  2 vampires
  10 wyverns
  Eustachio (D:5)
  43 yaks
  6 wraiths
  10 basilisks
  2 vampire mosquitoes (D:15)
  A steam dragon (Lair:4)
  2 insubstantial wisps (Lair:4)
  An acid dragon (D:15)
  12 water moccasins
  4 hell hounds
  A soldier ant (D:12)
  6 porcupines
  4 sky beasts
  4 black bears
  14 ice beasts
  12 orc warriors
  6 necrophages (Lair:4)
  6 ogres
  5 boggarts (D:14)
  A wolf (Lair:2)
  15 centaurs
  18 crocodiles
  9 big kobolds
  20 bullfrogs
  3 wyvern zombies
  A wyvern skeleton (D:11)
  A water moccasin skeleton (D:5)
  2 scorpions
  37 killer bees
  8 wights
  2 electric eels (Lair:3)
  2 howler monkeys (D:12)
  9 crimson imps
  3 quasits
  4 bullfrog zombies
  11 centaur zombies
  6 hounds
  5 jellies
  12 orc priests
  21 orc wizards
  2 bullfrog skeletons
  2 gnoll shamans
  Ijyb (D:5)
  7 iguanas
  13 worker ants
  5 hound zombies
  2 hound skeletons
  15 mummies (Ossuary)
  4 worker ant zombies (Ossuary)
  13 gnolls
  9 adders
  4 shadow imps
  4 oozes
  5 adder zombies
  An adder skeleton (D:8)
  A worm (D:5)
  3 dart slugs
  5 leopard geckos
  75 orcs
  8 bats
  7 giant cockroaches
  2 gnoll zombies (D:6)
  11 goblins
  6 hobgoblins
  17 jackals
  24 kobolds
  6 quokkas
  A ball python (D:3)
  6 frilled lizards
  A giant cockroach zombie (Ossuary)
  A jackal skeleton (D:4)
  A jackal zombie (Ossuary)
  A leopard gecko zombie (Ossuary)
  A quokka skeleton (D:4)
  2 quokka zombies
  4 rats
  A rat zombie (D:5)
  A fungus (Lair:4)
795 creatures vanquished.

Vanquished Creatures (others)
  41 fungi
  4 plants
45 creatures vanquished.

Grand Total: 840 creatures vanquished

Notes
Turn   | Place    | Note
-------+----------+-------------------------------------------
     0 | D:1      | MirrMurr the Octopode Berserker began the quest for the
                  | Orb.
     0 | D:1      | Reached XP level 1. HP: 16/16 MP: 1/1
   355 | D:1      | Reached XP level 2. HP: 18/21 MP: 2/2
   414 | D:1      | Reached skill level 1 in Stealth
  1053 | D:1      | Reached XP level 3. HP: 14/26 MP: 3/3
  1473 | D:2      | Noticed a water elemental
  1475 | D:2      | Found a stormy altar of Qazlal.
  1476 | D:2      | Noticed an earth elemental
  1476 | D:2      | Noticed an air elemental
  1476 | D:2      | Noticed a fire elemental
  1561 | D:2      | Reached skill level 2 in Stealth
  1563 | D:2      | Reached XP level 4. HP: 27/31 MP: 4/4
  1721 | D:2      | Found a bloodstained altar of Trog.
  2073 | D:3      | Found a radiant altar of Vehumet.
  2200 | D:3      | Reached ** piety under Trog
  2385 | D:3      | Found Gozag's Platinum Reserve.
  2388 | D:3      | Found an opulent altar of Gozag.
  2638 | D:3      | Reached XP level 5. HP: 34/36 MP: 5/5
  3135 | D:3      | Found a faded altar of an unknown god.
  3186 | D:4      | Noticed a phantom
  3208 | D:3      | Reached skill level 3 in Stealth
  3252 | D:4      | Reached XP level 6. HP: 42/43 MP: 6/6
  3332 | D:4      | Reached skill level 5 in Polearms
  3374 | D:4      | Reached *** piety under Trog
  3455 | D:4      | Reached skill level 4 in Stealth
  3551 | D:4      | Found Jusoashi's Weapon Shop.
  3554 | D:4      | Bought a +0 hunting sling for 21 gold pieces
  3592 | D:4      | Found a staircase to the Ecumenical Temple.
  3598 | Temple   | Entered the Ecumenical Temple
  3735 | D:5      | Entered Level 5 of the Dungeon
  3759 | D:5      | Reached XP level 7. HP: 48/48 MP: 7/7
  3864 | D:5      | Noticed Eustachio
  3874 | D:5      | Killed Eustachio
  3874 | D:5      | Reached skill level 1 in Slings
  4150 | D:5      | Found a sand-covered staircase.
  4157 | Ossuary  | Entered an ossuary
  4190 | Ossuary  | Reached skill level 5 in Stealth
  4201 | Ossuary  | Reached XP level 8. HP: 24/54 MP: 8/8
  4203 | Ossuary  | Received a gift from Trog
  4303 | Ossuary  | Reached skill level 5 in Fighting
  4326 | Ossuary  | Reached skill level 5 in Dodging
  4379 | Ossuary  | Reached **** piety under Trog
  4515 | Ossuary  | Reached skill level 6 in Stealth
  4831 | D:5      | Found a sparkling altar of Nemelex Xobeh.
  4913 | D:5      | Noticed Ijyb
  4924 | D:5      | Killed Ijyb
  4924 | D:5      | Reached XP level 9. HP: 61/61 MP: 9/9
  5425 | D:6      | Reached skill level 7 in Stealth
  5458 | D:6      | Found a shattered altar of Ashenzari.
  5478 | D:6      | Reached ***** piety under Trog
  5606 | D:6      | Found a basalt altar of Yredelemnul.
  6229 | D:7      | Noticed Joseph
  6366 | D:7      | Killed Joseph
  6583 | D:7      | Found a shimmering altar of Xom.
  6583 | D:7      | Found a hide-covered altar of Uskayaw.
  6683 | D:7      | Found Epej's Book Shop.
  6813 | D:7      | Received a gift from Trog
  6813 | D:7      | Reached skill level 8 in Stealth
  6818 | D:7      | Reached XP level 10. HP: 57/69 MP: 10/10
  6994 | D:7      | Found a glowing golden altar of the Shining One.
  7022 | D:7      | You fall through a shaft!
  7069 | D:8      | Found a blossoming altar of Fedhas.
  7331 | D:8      | Reached skill level 5 in Slings
  7576 | D:8      | Found a staircase to the Lair.
  7615 | D:8      | Noticed a gargoyle
  7653 | D:8      | Killed a gargoyle
  7893 | D:8      | Reached skill level 9 in Stealth
  8456 | D:9      | Found a transporter.
  8549 | D:9      | Reached skill level 10 in Polearms
  8832 | D:9      | Received a gift from Trog
  8995 | D:9      | Reached XP level 11. HP: 63/75 MP: 11/11
  9308 | D:10     | Entered Level 10 of the Dungeon
  9325 | D:10     | Noticed a two-headed ogre
  9338 | D:10     | Killed a two-headed ogre
  9668 | D:10     | Reached skill level 10 in Stealth
  9672 | D:10     | Noticed a two-headed ogre
  9682 | D:10     | Killed a two-headed ogre
 11174 | D:11     | Noticed a two-headed ogre
 11224 | D:11     | Received a gift from Trog
 11249 | D:11     | Killed a two-headed ogre
 11372 | D:11     | Found a staircase to the Orcish Mines.
 12120 | Lair:1   | Entered Level 1 of the Lair of Beasts
 12876 | Lair:2   | Found a staircase to the Snake Pit.
 12893 | Lair:2   | Received a gift from Trog
 12908 | Lair:2   | Found a runed door.
 12908 | Lair:2   | Noticed Rahynu's ghost (journeyman VSMo)
 13132 | Lair:2   | Reached XP level 12. HP: 78/84 MP: 12/12
 13136 | Lair:2   | Reached skill level 11 in Stealth
 14378 | Lair:2   | Reached skill level 12 in Stealth
 15491 | Lair:3   | Noticed Urug
 15512 | Lair:3   | Killed Urug
 15512 | Lair:3   | Reached XP level 13. HP: 84/90 MP: 13/13
 15686 | Lair:3   | You fall through a shaft for 2 floors!
 16099 | Lair:4   | Found a staircase to the Swamp.
 16171 | Lair:4   | Received a gift from Trog
 16177 | Lair:4   | HP: 4/91 [six-headed hydra (7)]
 16965 | Lair:4   | Reached skill level 10 in Fighting
 17255 | Lair:4   | Reached skill level 10 in Dodging
 17266 | Lair:4   | Received a gift from Trog
 17266 | Lair:4   | Reached skill level 13 in Stealth
 17916 | Lair:6   | Entered Level 6 of the Lair of Beasts
 18322 | Lair:6   | Reached XP level 14. HP: 99/99 MP: 14/14
 18486 | Lair:6   | Found a frozen archway.
 18549 | Lair:6   | Received a gift from Trog
 18636 | Lair:6   | Reached ****** piety under Trog
 18880 | Lair:6   | Noticed a dire elephant
 18900 | Lair:6   | Killed a dire elephant
 19007 | Lair:6   | Reached skill level 14 in Stealth
 19082 | Lair:6   | Found a runed door.
 19082 | Lair:6   | Found a viscous altar of Jiyva.
 19141 | Lair:6   | Reached skill level 10 in Slings
 19941 | Lair:6   | Found a burning altar of Makhleb.
 19995 | Lair:6   | Found a gateway to Hell.
 20070 | Lair:6   | Found a staircase to the Slime Pits.
 20178 | Lair:2   | Killed Rahynu's ghost
 20333 | D:12     | Received a gift from Trog
 20528 | D:12     | Received a gift from Trog
 20722 | D:12     | Noticed Snorg
 20737 | D:12     | Killed Snorg
 22070 | D:13     | Reached skill level 15 in Stealth
 22260 | D:13     | Reached XP level 15. HP: 74/107 MP: 15/15
 22350 | D:13     | Noticed Josephine
 22568 | D:13     | Killed Josephine
 22666 | D:13     | Received a gift from Trog
 23166 | D:13     | Received a gift from Trog
 23794 | D:14     | Reached skill level 1 in Shields
 25039 | D:14     | Received a gift from Trog
 25050 | D:14     | Found a gate to the Vaults.
 25094 | D:15     | Entered Level 15 of the Dungeon
 25280 | D:15     | Noticed feamirim's ghost (journeyman CeFi)
 25314 | D:15     | Found a shadowy altar of Dithmenos.
 25333 | D:15     | Reached skill level 16 in Stealth
 25371 | D:15     | Found a transporter.
 25417 | D:15     | Found a transporter.
 25635 | D:15     | Identified the Handbook of Confrontation and Cold
 25774 | D:15     | Cast into level 2 of the Abyss (a wizard)
 25813 | Abyss:2  | Found a hazy altar of Hepliaklqana.
 25856 | Abyss:2  | Mangled by a large abomination

Vault maps used:
D:1:      scummos_arrival_checkerplants, minmay_fountain_box,
          grunt_decor_fettered
D:2:      nicolae_overflow_crystal_walls, minmay_misc_feat_encased,
          nicolae_qazlal_style_of_elements
D:3:      vehumet_crystals, nicolae_gozag_zags_fifth_avenue,
          chequers_ecumenical_altar_twisty, minmay_curled_crystal,
          kennysheep_nub
D:4:      temple_green, first_ration, serial_shops, nicolae_shop_behind_doors,
          minmay_misc_feat_more_columns
D:5:      enter_ossuary_4, nemelex_dance_club_becter, uniq_ijyb, uniq_eustachio
D:6:      lemuel_zombie_altar_yredelemnul, ashenzari_altar_1
D:7:      nicolae_tso_carved_into_rock, gammafunk_temple_overflow_elements,
          serial_shops, nicolae_shop_competitors_out_of_business, uniq_joseph
D:8:      lemuel_crystal_altar, due_lair_maze_entry_diamond, minivault_25,
          minmay_misc_feat_chi
D:9:      gammafunk_beogh_shrine, minmay_three_doors
D:10:     serial_park_tiny_2
D:11:     hiddenorc2_lemuel
D:12:     uniq_snorg
D:13:     blue_anna_alchemist, uniq_josephine
D:14:     david_vaults_5, columned_hall_lemuel
D:15:     grunt_enter_depths_magical_seal, hangedman_decor_opposing,
          gammafunk_ghost_stat_death, nicolae_dithmenos_shadow_blocks
Temple:   dshaligram_water_room_temple
Lair:2:   hangedman_what_comes_after_a, dummy_snake_entry,
          hellmonk_ghost_happy_afterlife
Lair:3:   infiniplex_staircase_pool, serial_bayou_shore_a, lemuel_fruit_tree,
          serial_bayou_shore_b, uniq_urug
Lair:4:   minmay_swamp_entry_wisps, special_room, roderic_carrion_pond,
          infiniplex_staircase_pool_2
Lair:5:   serial_forest, infiniplex_forest_straight_4, infiniplex_forest_end_2,
          infiniplex_forest_clump_curved, infiniplex_forest_straight_2,
          infiniplex_forest_join, infiniplex_forest_end_double,
          infiniplex_forest_clump_tiny, infiniplex_forest_clump_large,
          infiniplex_forest_lined_2, grunt_megastairs_4
Lair:6:   evil_forest, slime_altar_2, portal_ice_cave_entry_ice_beasts,
          grunt_megastairs_2
Ossuary:  ossuary_zaba_flooded

Skill      XL: |  1  2  3  4  5  6  7  8  9 10 11 12 13 14 15 |
---------------+----------------------------------------------+-----
Stealth        | 1 2 3 4 5 6 8 9 10 12 13 15 16 | 16.1
Polearms       | 4 5 6 7 8 10 11 12 13 14 | 14.0
Fighting       | 4 5 6 7 8 9 10 11 12 | 12.8
Dodging        | 4 5 6 7 8 9 10 11 12 | 12.3
Slings         | 1 3 4 5 7 8 9 10 11 | 11.6
Shields        | 4 |  4.8

Action                   |  1- 3 |  4- 6 |  7- 9 | 10-12 | 13-15 || total
-------------------------+-------+-------+-------+-------+-------++-------
Melee: Spear             |    81 |    43 |       |       |       ||   124
       Constrict         |    11 |    23 |    64 |    99 |   112 ||   309
       Tentacles         |     6 |    13 |    83 |   172 |   361 ||   635
       Trident           |       |    81 |   298 |   760 |  1448 ||  2587
       Hunting sling     |       |       |       |     1 |       ||     1
       Glaive            |       |       |       |       |    28 ||    28
 Fire: Hunting sling     |       |    47 |   146 |   348 |    92 ||   633
Throw: Stone             |       |       |       |     3 |       ||     3
Invok: Berserk           |     1 |     1 |     6 |    11 |    20 ||    39
       Trog's Hand       |       |       |       |     7 |     4 ||    11
Evoke: Wand              |       |       |       |     2 |       ||     2
  Use: Scroll            |     3 |     6 |    14 |    10 |     6 ||    39
       Potion            |       |       |       |     6 |       ||     6
 Stab: Sleeping          |     6 |    16 |     5 |    12 |    46 ||    85
       Distracted        |       |       |     3 |     3 |    16 ||    22
  Eat: Chunk             |     2 |     8 |    13 |    36 |    48 ||   107
       Ration            |       |       |     1 |     1 |     2 ||     4
Armor: Skin              |     3 |     5 |     2 |     9 |    11 ||    30
Dodge: Dodged            |    35 |    78 |   195 |   634 |   961 ||  1903
Block: Shield            |       |       |       |       |   130 ||   130

Table legend:
 A = Non-vault XP
 B = Vault XP
 C = Vault XP percentage of total XP
 D = Non-vault monster count
 E = Vault monster count
 F = Vault count percentage of total count
                 A         B        C        D         E       F
            +---------+---------+-------+---------+---------+-------
      Total |   88238 |   40417 |  31.4 |     567 |     227 |  28.6
            +---------+---------+-------+---------+---------+-------
        D:1 |      39 |       0 |   0.0 |      17 |       0 |   0.0
        D:2 |      49 |       0 |   0.0 |      18 |       0 |   0.0
        D:3 |     205 |       0 |   0.0 |      32 |       0 |   0.0
        D:4 |     306 |       0 |   0.0 |      19 |       0 |   0.0
        D:5 |     882 |     370 |  29.6 |      29 |       6 |  17.1
        D:6 |     945 |       4 |   0.4 |      22 |       2 |   8.3
        D:7 |     698 |     880 |  55.8 |      17 |       5 |  22.7
        D:8 |    1958 |     624 |  24.2 |      31 |       6 |  16.2
        D:9 |    1229 |     306 |  19.9 |      27 |       2 |   6.9
       D:10 |    3353 |       0 |   0.0 |      32 |       0 |   0.0
       D:11 |    3539 |     410 |  10.4 |      30 |      32 |  51.6
       D:12 |    7289 |    1106 |  13.2 |      45 |       1 |   2.2
       D:13 |   10123 |    2132 |  17.4 |      52 |       7 |  11.9
       D:14 |   19205 |     986 |   4.9 |      64 |       1 |   1.5
       D:15 |    7186 |    4512 |  38.6 |      21 |       6 |  22.2
     Lair:1 |     937 |       0 |   0.0 |       5 |       0 |   0.0
     Lair:2 |    5387 |    7736 |  58.9 |      27 |      56 |  67.5
     Lair:3 |    1279 |    1016 |  44.3 |       8 |       2 |  20.0
     Lair:4 |    4873 |    6233 |  56.1 |      17 |      26 |  60.5
     Lair:5 |    2765 |     540 |  16.3 |      10 |       2 |  16.7
     Lair:6 |   14262 |   12579 |  46.9 |      41 |      35 |  46.1
    Abyss:2 |    1729 |       0 |   0.0 |       3 |       0 |   0.0
    Ossuary |       0 |     983 | 100.0 |       0 |      38 | 100.0
            +---------+---------+-------+---------+---------+-------
